 Dungeon Crawl Stone Soup version 0.31-a0-931-g7b59d4eb97 (webtiles) character file.

Game seed: 5437786628715783928

433 LadyBoffin the Scratcher (level 6, -1/26 HPs)
             Began as a Felid Shapeshifter on Oct 20, 2023.
             Slain by a black bear (4 damage)
             ... on level 5 of the Dungeon.
             The game lasted 00:19:42 (3834 turns).

LadyBoffin the Scratcher (Felid Shapeshifter)       Turns: 3834, Time: 00:19:43

Health: -1/26      AC:  2    Str: 10    XL:     6   Next: 67%
Magic:  8/8        EV: 18    Int: 12    God:
Gold:   298        SH:  0    Dex: 17    Spells: 6/6 levels left
                                        Lives:  0   Deaths: 2

rFire   . .          .
                       - Unarmed
rCold   . . .        (shield unavailable)
rNeg    . . .        (body armour unavailable)
rPois   .            (helmet unavailable)
rElec   .            (cloak unavailable)
rCorr   .            (gloves unavailable)
SInv    +            (boots unavailable)
Will    .....        (no amulet)
Stlth   ++           (no ring)
HPRegen 0.24/turn    (no ring)
MPRegen 0.11/turn

%: no passive effects
@: beast-form, quick
A: beast (slay +2), very small, claws 1, fangs 3, see invisible, speed 1, shaggy
fur 2, stealthy paws, no weapons or thrown items, no armour, multi-lived
a: Begin Untransformation


You were on level 5 of the Dungeon.
You were a hulking beast.
You visited 1 branch of the dungeon, and saw 5 of its levels.
You also visited: Sewer and Ossuary.

You collected 298 gold pieces.

Inventory:

Talismans
 b - a beast talisman (active)
 c - a flux talisman
Wands
 j - a wand of mindburst (2)
Scrolls
 e - a scroll of fog
 g - a scroll of enchant armour
 m - 2 scrolls of identify
 n - a scroll of revelation {unknown}
Potions
 a - a potion of lignification
 d - a potion of resistance {unknown}
 f - 7 potions of curing
 h - 2 potions of enlightenment
 i - 2 potions of attraction {unknown}
 k - a potion of might
 l - a potion of invisibility {unknown}
 o - 2 potions of heal wounds
 p - a potion of cancellation {unknown}


   Skills:
 + Level 1.7 Fighting
 + Level 4.0 Dodging
 + Level 2.8 Stealth
 + Level 5.4 Unarmed Combat
 * Level 0.8 Spellcasting
 - Level 2.0 Evocations
 + Level 4.3 Shapeshifting


You had 6 spell levels left.
You didn't know any spells.
Your spell library contained the following spells:

 Spells                   Type           Power      Damage    Failure   Level
 Kiss of Death            Conj/Necr      0%         2d5       30%         1
 Confusing Touch          Hex            0%         N/A       67%         3
 Frozen Ramparts          Ice            0%         1d1       67%         3
 Ozocubu's Armour         Ice            0%         N/A       67%         3
 Dispel Undead            Necr           0%         3d6       97%         4
 Manifold Assault         Tloc           0%         N/A       97%         4
 Petrify                  Tmut/Erth      0%         N/A       97%         4
 Metabolic Englaciation   Hex/Ice        0%         N/A       100%        5
 Dispersal                Tloc           0%         N/A       100%        6
 Ozocubu's Refrigeration  Ice            0%         4d7       100%        7
 Disjunction              Tloc           0%         N/A       100%        8


Dungeon Overview and Level Annotations

Branches:
Dungeon (5/15)              Sewer (visited)         Ossuary (visited)
 Temple: D:4-7

Altars:
The Shining One

Shops:
D:2 =

Annotations:
D:5 Edmund


Innate Abilities, Weirdness & Mutations

You are a hulking beast.
Your limbs bulge with bestial killing power. (Slay +2)
You have sharp claws.
You have razor-sharp teeth.
You have supernaturally acute eyesight. (SInv)
You cover ground quickly. (Speed+)
You are covered in thick fur. (AC +2)
Your paws help you pounce on unaware monsters.
You are incapable of wielding weapons or throwing items.
You cannot wear armour.
You gain extra lives every three experience levels.


Message History

You claw the adder! You claw the adder.
You kill the adder!
You see here an adder corpse.
There are no items here.
Edmund and a black bear come into view.
Edmund is wielding a +5 flail of protection.
Found a sapphire potion.
Edmund says, "People accused me of being a cutpurse!"
Aiming: Mindburst
Press: ? - help, Shift-Dir - straight line, f - Edmund
Aim: Edmund, wielding a +5 flail of protection and wearing a +0 ring mail (chance to affect: 73%) Edmund's mind is blasted!
You hear an angry growl.
Aiming: Mindburst
Press: ? - help, Shift-Dir - straight line, f/p - Edmund
Aim: Edmund, wielding a +5 flail of protection and wearing a +0 ring mail (moderately wounded, chance to affect: 73%) Edmund's mind is blasted!
You claw the black bear!
The black bear is heavily wounded.
The black bear bites you. The black bear closely misses you.
The black bear claws you but does no damage.
Aiming: Mindburst
Press: ? - help, Shift-Dir - straight line, f/p - Edmund
Aim: Edmund, wielding a +5 flail of protection and wearing a +0 ring mail (moderately wounded, chance to affect: 73%) Edmund's mind is blasted!
Edmund hits you with a +5 flail of protection!
Ouch! That really hurt!
* * * LOW HITPOINT WARNING * * *
The black bear misses you. The black bear completely misses you.
The black bear claws you.
* * * LOW HITPOINT WARNING * * *
You scratch Edmund.
Edmund is almost dead.
Edmund closely misses you. The black bear misses you.
The black bear completely misses you. x2
You scratch Edmund.
Edmund is almost dead.
Edmund completely misses you. The black bear misses you.
The black bear claws you.
You die...

#######.#.......##.# #
#.######..##.# ### #.#
#...#># ..# #.# ###.#.#
#.# #.# #.#.# #.# #.#
#... # #.# #..#.# #.# ###
#.h..# #.# ..# #h#.. #.#
#.# #@#.# #.### #.# #.#@#
....# #.# #.#.# #.#.#####
##.###.#.######
#.#.#...###..)##.........
#.#.#...†...#....#.#####.
#.#.#...###...####.#
#(...#.## ##.## .#


You could see Edmund and a black bear.

Vanquished Creatures
  A phantom (D:5)
  2 kobold brigands (Sewer)
  A jelly (D:5)
  Robin (D:3)
  5 adders
  2 river rats (Sewer)
  2 worms (D:2)
  3 dart slugs
  2 orcs (D:3)
  11 ball pythons
  5 bats
  2 endoplasms
  3 giant cockroaches
  17 goblins
  8 hobgoblins
  10 jackals
  4 quokkas
  A frilled lizard (D:2)
  13 kobolds
  7 rats
100 creatures vanquished.

Notes
Turn   | Place    | Note
-------+----------+-------------------------------------------
     0 | D:1      | LadyBoffin the Felid Shapeshifter began the quest for the
                  | Orb.
     0 | D:1      | Reached XP level 1. HP: 9/9 MP: 2/2
   262 | D:1      | Reached XP level 2. HP: 12/12 MP: 3/3
   904 | D:2      | Found a glowing golden altar of the Shining One.
   914 | D:2      | Reached XP level 3. HP: 15/15 MP: 4/4
  1144 | D:2      | Found Botzaph's Jewellery Shop.
  1653 | D:3      | Reached skill level 4 in Unarmed Combat
  1666 | D:3      | Reached XP level 4. HP: 19/19 MP: 5/5
  1951 | D:3      | Reached skill level 1 in Stealth
  1998 | D:3      | Found a glowing drain.
  2007 | Sewer    | Entered a sewer
  2067 | Sewer    | Noticed a kobold brigand
  2070 | Sewer    | Noticed a kobold brigand
  2091 | Sewer    | Killed a kobold brigand
  2092 | Sewer    | Reached skill level 1 in Evocations
  2092 | Sewer    | Reached XP level 5. HP: 13/22 MP: 6/6
  2095 | Sewer    | Reached skill level 5 in Unarmed Combat
  2176 | Sewer    | Found a white marble altar of Elyvilon.
  2337 | D:3      | Noticed Robin
  2413 | D:3      | Gained mutation: You are covered in thick fur. (AC +2)
                  | [Felid growth]
  2413 | D:3      | Reached XP level 6. HP: 22/25 MP: 7/7
  2467 | D:3      | Killed Robin
  2851 | D:4      | HP: 1/25 [sleepcap (20)]
  2852 | D:4      | Slain by a sleepcap
  3603 | D:5      | Entered Level 5 of the Dungeon
  3655 | D:5      | Noticed Edmund
  3668 | D:5      | Mangled by Edmund
  3673 | D:5      | Found a sand-covered staircase.
  3700 | Ossuary  | Entered an ossuary
  3834 | D:5      | Slain by a black bear

Illustrated notes

Levels and vault maps discovered:
D:1:      dpeg_arrival_simpleton_c, layout_rooms
D:2:      layout_loops_corners, basic_altar, serial_shops,
          nicolae_shop_rolling_square, minivault_14, grunt_ministairs_7
D:3:      layout_rooms, portal_sewer_entry_d, minmay_misc_feat_doors, uniq_robin
D:4:      layout_basic
D:5:      layout_loops_ring, mainiacjoe_overflow_cross_hatched,
          nicolae_ossuary_entry_ruins, serial_park_tiny_2, uniq_edmund

Skill      XL: |  1  2  3  4  5  6 |
---------------+-------------------+-----
Dodging        | 3 4 |  4.0
Unarmed Combat | 4 5 |  5.4
Shapeshifting  | 4 |  4.3
Stealth        | 1 2 |  2.8
Evocations     | 1 2 |  2.0
Fighting       | |  1.7
Spellcasting   | |  0.8

Action                     |  1- 3 |  4- 6 || total
---------------------------+-------+-------++-------
  Melee: Unarmed           |    95 |   141 ||   236
         Bite              |     5 |    18 ||    23
         Punch             |       |     4 ||     4
  Evoke: Wand              |       |    11 ||    11
    Use: Potion            |       |     5 ||     5
         Scroll            |       |     3 ||     3
   Stab: Sleeping          |     3 |     3 ||     6
 Armour: Skin              |    28 |    58 ||    86
  Dodge: Dodged            |    53 |   120 ||   173
         Form:             |     1 |       ||     1
         Beast             |     1 |       ||     1

Table legend: (Time is in decaauts)
 A = Elapsed time spent in this place.
 B = Non-inter-level travel time spent in this place.
 C = Inter-level travel time spent in this place.
 D = Time resting spent in this place.
 E = Time spent auto-exploring this place.
 F = Levels seen in this place.
 G = Mean time per level.
                   A        B        C        D        E       F      G
               +--------+--------+--------+--------+--------+-----+--------+
         Total |   3309 |   3011 |    298 |    469 |   1069 |   7 |  472.7 |
       Dungeon |   3000 |   2702 |    298 |    465 |   1003 |   5 |  600.0 |
         Sewer |    303 |    303 |      0 |      4 |     66 |   1 |  303.0 |
       Ossuary |      5 |      5 |      0 |      0 |      0 |   1 |    5.0 |
               +--------+--------+--------+--------+--------+-----+--------+

Top non-repeatable levels by time:
     D:2: 838 daAuts
     D:3: 827 daAuts
     D:4: 608 daAuts
     D:1: 532 daAuts
   Sewer: 303 daAuts
     D:5: 193 daAuts
 Ossuary: 5 daAuts
